 Dungeon Crawl Stone Soup version 0.29-a0-555-g3b24f45cc1 (webtiles) character file.

Game seed: 7955020561849925007

25342 spiderkeys the Nimble (level 12, -8/76 HPs)
             Began as a Deep Elf Abyssal Knight on June 7, 2022.
             Was the Champion of Lugonu.
             Mangled by a reaper
             ... wielding a +0 scythe of freezing
              (39 damage)
             ... in an ice cave.
             The game lasted 00:44:56 (16413 turns).

spiderkeys the Nimble (Deep Elf Abyssal Knight)    Turns: 16413, Time: 00:44:56

Health: -8/76      AC: 13    Str: 10    XL:     12   Next: 88%
Magic:  15/26      EV: 21    Int: 19    God:    Lugonu [******]
Gold:   725        SH:  9    Dex: 23    Spells: 23/27 levels left

rFire   + + +      SeeInvis .   a - +8 hunting sling of the Shrieking God {flame, rF+++}
rCold   + + .      Faith    .   Y - +0 buckler {rC+}
rNeg    . . .      Spirit   .   o - +2 troll leather armour {Snorg}
rPois   .          Reflect  +   S - +1 helmet
rElec   .          Harm     .   M - +0 cloak
rCorr   .          Rampage  .   P - +2 pair of gloves
Will    +....                   H - +0 pair of boots
Stlth   ++........              s - amulet of reflection
HPRegen 1.02/turn               C - ring of protection from cold
MPRegen 0.20/turn               D - +6 ring of dexterity

@: hasted, very quick
A: no striking features
a: Renounce Religion, Depart the Abyss, Bend Space, Banish, Corrupt, Enter the
Abyss, Brand Weapon With Distortion


You were in an ice cave.
You worshipped Lugonu.
Lugonu was exalted by your worship.
You visited 2 branches of the dungeon, and saw 12 of its levels.
You visited the Abyss 2 times.
You also visited: Bailey and Ice Cave.

You collected 1352 gold pieces.
You spent 627 gold pieces at shops.


   Skills:
 + Level 9.1 Fighting
 - Level 2.6 Long Blades
 - Level 0.5 Staves
 - Level 8.0 Slings
 - Level 0.7 Armour
 + Level 12.5 Dodging
 - Level 8.0 Spellcasting
 + Level 9.1 Air Magic
 - Level 9.0 Invocations


You had 23 spell levels left.
You knew the following spells:

 Your Spells              Type           Power      Damage    Failure   Level
a - Airstrike             Air            21%        N/A       4%          4

Your spell library contained the following spells:

 Spells                   Type           Power      Damage    Failure   Level
 Swiftness                Air            42%        N/A       1%          3
 Shock                    Conj/Air       96%        1d9       2%          1
 Beastly Appendage        Tmut           14%        N/A       17%         1
 Wereblood                Tmut           7%         N/A       26%         2
 Spider Form              Tmut/Pois      7%         N/A       45%         3
 Malign Gateway           Summ/Tloc      3%         N/A       100%        7
 Summon Horrible Things   Summ           3%         N/A       100%        8

Inventory:

Hand Weapons
 a - the +8 hunting sling of the Shrieking God (weapon) {flame, rF+++}
   (You found it on level 3 of the Dungeon)

   Any ammunition fired from it burns those it strikes, dealing additional fire
   damage.
   rF:        It renders you almost immune to fire.
 b - the +10 whip of Saltpetre {vorpal, Will+ Int+6}
   (You found it on level 7 of the Dungeon)

   It inflicts extra damage upon your enemies.
   Int:       It affects your intelligence (+6).
   Will:      It increases your willpower.
 r - a +1 lajatang
   (You found it on level 5 of the Dungeon)
Missiles
 d - 50 poisoned darts
 h - 6 atropa-tipped darts
 q - 3 silver boomerangs
 y - 2 boomerangs
 A - 3 javelins
 J - a curare-tipped dart {=f}
 V - 6 throwing nets {=f!f}
Armour
 c - a +0 pair of gloves of infusion
   (You found it in a bailey)
 o - a +2 troll leather armour (worn) {Snorg}
   (You found it on level 10 of the Dungeon)
 B - +0 acid dragon scales
   (You found it on level 10 of the Dungeon)
 H - a +0 pair of boots (worn)
   (You found it on level 5 of the Dungeon)
 M - a +0 cloak (worn)
   (You found it on level 6 of the Dungeon)
 P - a +2 pair of gloves (worn)
   (You found it on level 10 of the Dungeon)
 Q - a +0 leather armour
   (You found it on level 1 of the Lair of Beasts)
 S - a +1 helmet (worn)
   (You found it on level 5 of the Dungeon)
 Y - a +0 buckler of cold resistance (worn)
   (You found it in an ice cave)
 Z - a +1 animal skin
   (You took it off Grum on level 1 of the Lair of Beasts)
Jewellery
 s - an amulet of reflection (around neck)
   (You found it on level 3 of the Dungeon)
 C - a ring of protection from cold (left hand)
   (You took it off a kobold on level 4 of the Dungeon)
 D - a +6 ring of dexterity (right hand)
   (You found it on level 5 of the Dungeon)
 F - a ring of fire
   (You took it off an orc on level 3 of the Dungeon)
 O - a +4 ring of protection
   (You found it on level 5 of the Dungeon)
Wands
 j - a wand of polymorph (6)
   (You found it on level 7 of the Dungeon)
 l - a wand of flame (13)
   (You found it on level 2 of the Dungeon)
 p - a wand of mindburst (14)
   (You found it on level 5 of the Dungeon)
 u - a wand of paralysis (5)
   (You found it on level 8 of the Dungeon)
 N - a wand of digging (8)
   (You found it on level 6 of the Dungeon)
Scrolls
 e - 6 scrolls of teleportation {@r4}
 f - 4 scrolls of identify {@r1}
 x - 2 scrolls of fog
 z - 2 scrolls of poison {!r}
 G - a scroll of magic mapping {!r}
 K - 3 scrolls of fear
 L - 4 scrolls of immolation {!r!r}
 T - 2 scrolls of amnesia
 U - a scroll of torment {!r}
Potions
 g - 3 potions of might
 i - 6 potions of curing {@q1}
 k - 4 potions of lignification {!q}
 n - a potion of brilliance
 t - 3 potions of haste {@q3}
 v - 2 potions of attraction {!q}
 w - a potion of invisibility
 I - 2 potions of resistance
 R - a potion of flight
 W - a potion of ambrosia
 X - 2 potions of mutation {!q}
Miscellaneous
 E - a phial of floods
   (You found it on level 1 of the Lair of Beasts)

Dungeon Overview and Level Annotations

Branches:
Dungeon (10/15)            Temple (0/1) D:4            Lair (2/6) D:8
 Bailey (visited)           IceCv (1/1)
  Swamp: Lair:2-4    Shoals: Lair:2-4     Snake: Lair:2-4    Spider: Lair:2-4
    Orc: D:9-12

Altars:
Cheibriados
Nemelex Xobeh
Qazlal
Uskayaw
Vehumet
Wu Jian

Shops:
D:1 !   D:4 ?   D:5 :

Annotations:
D:9 exclusion: obsidian statue
Abyss:1 Joseph

###..# #....## #...##
##..## ....# #...##
...## ##...# ...#
#..## ##..## ##..####
#.2..# #..#..##
##.#..# #..#...##
.#@.##2## #.......#
..........#..#
#...##..#
.............#
#..###...
..####...#.°.#
##.#.##.. ....#°§§#
##....#.. .....#.#☼#
#....##..
.#..###§.§###....#..#
#.##..○☼§.##...##..#
#....°#..##).#..##


You could see a reaper.


Message History

😕 HP[+2]
You regained 2 hp, and now have 63/76 hp.
Fire: a) +8 hunting sling of the Shrieking God {flame, rF+++}
Press: ? - help, Q - select action, (/) - cycle Shift-Dir - straight line, f/p - cane toad simulacrum
Aim: a cane toad simulacrum (almost destroyed, 88% to hit)
You shoot a sling bullet.
The sling bullet barely misses the cane toad simulacrum. 😕 HP[+1] Fire: a) +8 hunting sling of the Shrieking God {flame, rF+++}
Press: ? - help, Q - select action, (/) - cycle Shift-Dir - straight line, f/p - cane toad simulacrum
Aim: a cane toad simulacrum (almost destroyed, 88% to hit)
You shoot a sling bullet.
The sling bullet hits the cane toad simulacrum!
The sling bullet melts the cane toad simulacrum.
Lugonu accepts your kill. 😕 HP[+1] Fire: a) +8 hunting sling of the Shrieking God {flame, rF+++}
Press: ? - help, Q - select action, (/) - cycle Shift-Dir - straight line, f - troll simulacrum
Aim: a troll simulacrum (86% to hit)
You shoot a sling bullet.
The sling bullet hits the troll simulacrum!
The sling bullet melts the troll simulacrum.
The troll simulacrum bites you. The troll simulacrum freezes you. You resist.
You block the troll simulacrum's attack. x2 😕 HP[-4]
You take 4 damage, and now have 61/76 hp.
Fire: a) +8 hunting sling of the Shrieking God {flame, rF+++}
Press: ? - help, Q - select action, (/) - cycle Shift-Dir - straight line, f/p - troll simulacrum
Aim: a troll simulacrum (heavily damaged, 86% to hit)
You shoot a sling bullet.
The sling bullet hits the troll simulacrum!
The sling bullet melts the troll simulacrum!
Lugonu accepts your kill. 😕 HP[+1]
You start resting. 😎 HP[+14]
Your hp is fully restored (76).
Okay, then.
Aiming: Paralyse
Press: ? - help, Shift-Dir - straight line, f - reaper
Aim: a reaper, wielding a +0 scythe of freezing, wearing a +0 robe of cold resistance and wearing a ring of ice (freezing vapour, wandering, hasn't noticed you, chance to affect: 1%)
Okay, then.
Okay, then.
Casting: Airstrike (dangerous; 4% risk of failure)
Confirm with . or Enter, or press ? or * to list all spells.
Okay, then.
Casting: Airstrike (dangerous; 4% risk of failure)
Confirm with . or Enter, or press ? or * to list all spells.
Aiming: Airstrike (dangerous; 4% risk of failure)
Press: ? - help, Dir - move target, f - reaper
Aim: a reaper, wielding a +0 scythe of freezing, wearing a +0 robe of cold resistance and wearing a ring of ice (freezing vapour, wandering, hasn't noticed you, empty space bonus: 8/8)
The air twists around and strikes the reaper! 😎 MP[-4]
You lost 4 mp, and now have 22/26 mp.
Casting: Airstrike (dangerous; 4% risk of failure)
Confirm with . or Enter, or press ? or * to list all spells.
Aiming: Airstrike (dangerous; 4% risk of failure)
Press: ? - help, Dir - move target, f/p - reaper
Aim: a reaper, wielding a +0 scythe of freezing, wearing a +0 robe of cold resistance and wearing a ring of ice (moderately wounded, empty space bonus: 7/8)
The air twists around and strikes the reaper.
The reaper shouts, "Death awaits you!" 😎 MP[-4]
You lost 4 mp, and now have 18/26 mp.
Casting: Airstrike (dangerous; 4% risk of failure)
Confirm with . or Enter, or press ? or * to list all spells.
Aiming: Airstrike (dangerous; 4% risk of failure)
Press: ? - help, Dir - move target, f/p - reaper
Aim: a reaper, wielding a +0 scythe of freezing, wearing a +0 robe of cold resistance and wearing a ring of ice (moderately wounded, empty space bonus: 5/8)
The air twists around and strikes the reaper but does no damage.
The reaper hits you from afar with a +0 scythe of freezing!
The reaper freezes you. 😕 HP[-14] MP[-4]
You take 14 damage, and now have 62/76 hp.
You lost 4 mp, and now have 14/26 mp.
Unknown command.
Casting: Airstrike (dangerous; 4% risk of failure)
Confirm with . or Enter, or press ? or * to list all spells.
Aiming: Airstrike (dangerous; 4% risk of failure)
Press: ? - help, Dir - move target, f/p - reaper
Aim: a reaper, wielding a +0 scythe of freezing, wearing a +0 robe of cold resistance and wearing a ring of ice (moderately wounded, empty space bonus: 5/8)
Okay, then.
Aiming: Corrosive Bolt
Press: ? - help, Shift-Dir - straight line, f/p - reaper
Aim: a reaper, wielding a +0 scythe of freezing, wearing a +0 robe of cold resistance and wearing a ring of ice (moderately wounded, 71% to hit)
The bolt of acid hits the reaper but does no damage.
The now-empty wand crumbles to dust.
The reaper hits you from afar with a +0 scythe of freezing!!
* * * LOW HITPOINT WARNING * * *
The reaper freezes you.
* * * LOW HITPOINT WARNING * * *
😨 HP[-34]
You take 34 damage, and now have 28/76 hp.
MASSIVE DAMAGE!! (PAUSE) 😨 HP[+1] MP[+1] 😨 HP[+1]
You feel yourself speed up. 😨 HP[+1]
The reaper hits you from afar with a +0 scythe of freezing!!!
Ouch! That really hurt!
You die...

Skill      XL: |  1  2  3  4  5  6  7  8  9 10 11 12 |
---------------+-------------------------------------+-----
Long Blades    | 2 |  2.6
Spellcasting   | 1 2 3 4 5 6 8 |  8.0
Dodging        | 3 4 5 6 7 9 10 12 | 12.5
Invocations    | 3 4 5 7 8 9 |  9.0
Fighting       | 3 4 5 6 7 9 |  9.1
Slings         | 1 2 3 4 5 7 8 |  8.0
Air Magic      | 3 5 7 9 |  9.1
Staves         | |  0.5
Armour         | |  0.7

Action                   |  1- 3 |  4- 6 |  7- 9 | 10-12 || total
-------------------------+-------+-------+-------+-------++-------
Melee: Falchion          |   100 |    84 |       |       ||   184
 Fire: Hunting sling     |       |    50 |   325 |   837 ||  1212
Throw: Stone             |     8 |     3 |       |       ||    11
 Cast: Airstrike         |       |       |       |     4 ||     4
Invok: Bend Space        |       |     8 |     2 |    34 ||    44
       Banish            |       |       |       |     6 ||     6
       Depart the Abyss  |       |       |       |     1 ||     1
Evoke: Wand              |     8 |    11 |       |     8 ||    27
  Use: Scroll            |       |     9 |     6 |     6 ||    21
       Potion            |       |       |       |     7 ||     7
 Stab: Sleeping          |     2 |       |       |       ||     2
Armor: Leather armour    |    34 |    19 |    36 |    81 ||   170
       Troll leather arm |       |       |       |   147 ||   147
Dodge: Dodged            |    76 |    59 |   111 |   620 ||   866
Block: Other             |       |     2 |    26 |   175 ||   203
       Reflection        |       |     1 |     4 |     6 ||    11
       Buckler           |       |       |       |    23 ||    23

Levels and vault maps discovered:
D:1:      dpeg_arrival_stone_temple_mockup, layout_basic, serial_shops,
          nicolae_shop_crystal, hellmonk_ecumenical_altar_heavens_door,
          st_stairs_2
D:2:      layout_basic, chequers_serial_rivers_small_3, grunt_ministairs_15
D:3:      layout_rooms, mainiacjoe_overflow_small_starburst
D:4:      layout_layer_cave, mainiacjoe_overflow_surrounded_room,
          minmay_temple_entry_water_ring, serial_shops,
          nicolae_shop_hallway_stairs, nicolae_stop_n_shop_1
D:5:      layout_rooms, nicolae_take_the_stairs
D:6:      layout_layer_cave, hangedman_decor_points, nicolae_underground_beach
D:7:      layout_loops_ring, cheibrodos_worm_habitat, enter_bailey_5,
          dk_noncrumbling_4, nicolae_sextant, uniq_maggie, uniq_pikel,
          uniq_menkaure
D:8:      layout_rooms, minmay_lair_entry_grove, nicolae_grassy_gnolls
D:9:      layout_big_octagon, minmay_protected_statue, uniq_harold, uniq_joseph
D:10:     layout_cave_pods, nemelex_xobeh_ov_fountains_minmay,
          serial_column_ruins, column_ruins_hut_ruined, column_ruins_open_tiny,
          column_ruins_corridor_corner, column_ruins_corridor_T,
          column_ruins_open_medium, column_ruins_grid_1, minmay_bent, uniq_snorg
Lair:1:   layout_layer_cave, nzn_masters_of_martial_movement,
          lemuel_fruit_fields, serial_bayou_shore_b,
          infiniplex_staircase_pool_2, uniq_grum
Lair:2:   layout_gridlike, portal_ice_cave_demonic_guard, serial_bayou_ford_a,
          guppyfry_lair_drakes, grunt_megastairs_5
IceCv:    ice_cave_small_demon

Notes
Turn   | Place    | Note
-------+----------+-------------------------------------------
     0 | Abyss:1  | spiderkeys the Deep Elf Abyssal Knight began the quest for
                  | the Orb.
     0 | Abyss:1  | Reached XP level 1. HP: 13/13 MP: 4/4
     0 | Abyss:1  | magus.rc [v1.11.3]
    49 | Abyss:1  | Found a corrupted altar of Lugonu.
    81 | D:1      | You pass through the gate.
    81 | D:1      | Escaped the Abyss
   250 | D:1      | Reached XP level 2. HP: 9/18 MP: 5/5
   419 | D:1      | Reached skill level 2 in Long Blades
   428 | D:1      | Reached skill level 1 in Spellcasting
   801 | D:1      | Found a faded altar of an unknown god.
  1122 | D:1      | Found Ingim's Distillery.
  1130 | D:1      | Bought a potion of curing for 30 gold pieces
  1230 | D:1      | Reached *** piety under Lugonu
  1231 | D:1      | Reached XP level 3. HP: 18/22 MP: 7/7
  1603 | D:2      | Reached skill level 3 in Dodging
  1839 | D:2      | Reached skill level 2 in Spellcasting
  2299 | D:2      | Reached XP level 4. HP: 18/27 MP: 9/9
  2374 | D:2      | HP: 6/27 [gnoll/+0 whip (4)]
  2991 | D:3      | Reached skill level 3 in Invocations
  3274 | D:3      | Reached skill level 3 in Fighting
  3468 | D:3      | Reached **** piety under Lugonu
  3558 | D:3      | Reached XP level 5. HP: 32/32 MP: 10/10
  3567 | D:3      | Found a stormy altar of Qazlal.
  3578 | D:3      | Identified the +8 hunting sling of the Shrieking God
                  | {flame, rF+++}
  3589 | D:3      | magus.rc [v1.11.3]
  4082 | D:4      | Found Fama's Magic Scroll Shop.
  4086 | D:4      | Bought a scroll of teleportation for 36 gold pieces
  4113 | D:1      | Bought a potion of degeneration for 10 gold pieces
  4113 | D:1      | Bought a potion of attraction for 30 gold pieces
  4142 | D:4      | Noticed an ogre
  4154 | D:4      | Killed an ogre
  4155 | D:4      | Reached skill level 3 in Spellcasting
  4387 | D:4      | Reached skill level 4 in Dodging
  4481 | D:4      | Reached skill level 1 in Slings
  4481 | D:4      | Reached XP level 6. HP: 37/37 MP: 12/12
  4742 | D:4      | Noticed a sky beast
  4751 | D:4      | Killed a sky beast
  4752 | D:4      | Reached skill level 4 in Spellcasting
  4752 | D:4      | Reached skill level 4 in Invocations
  4819 | D:4      | Reached XP level 7. HP: 28/42 MP: 15/15
  4944 | D:4      | Found a staircase to the Ecumenical Temple.
  5340 | D:4      | Found a radiant altar of Vehumet.
  5679 | D:4      | Found Pifih's Magic Scroll Shoppe.
  5686 | D:4      | Bought a scroll of identify for 22 gold pieces
  5686 | D:4      | Bought 2 scrolls of magic mapping for 77 gold pieces
  5953 | D:5      | Entered Level 5 of the Dungeon
  6004 | D:5      | Reached skill level 2 in Slings
  6217 | D:5      | Reached skill level 5 in Dodging
  6432 | D:5      | Reached skill level 4 in Fighting
  6613 | D:5      | Found Womaf's Book Shoppe.
  6687 | D:6      | Reached skill level 5 in Spellcasting
  6697 | D:5      | Reached skill level 5 in Invocations
  6697 | D:5      | Reached XP level 8. HP: 38/48 MP: 15/17
  6800 | D:6      | You pick up a book of Air and begin reading...
  6800 | D:6      | You add the spells Shock, Swiftness and Airstrike to your
                  | library.
  6837 | D:6      | Learned a level 4 spell: Airstrike
  7487 | D:7      | Reached skill level 1 in Air Magic
  7523 | D:7      | Reached skill level 3 in Slings
  7525 | D:7      | Reached skill level 6 in Dodging
  7536 | D:7      | Noticed Maggie
  7549 | D:7      | Killed Maggie
  7550 | D:7      | Reached skill level 2 in Air Magic
  7562 | D:7      | Reached skill level 3 in Air Magic
  7569 | D:7      | Found a flagged portal.
  7581 | D:7      | Identified the +10 whip of Saltpetre {vorpal, Will+ Int+6}
  7590 | Bailey   | Entered a bailey
  7761 | Bailey   | Reached XP level 9. HP: 29/53 MP: 18/18
  7774 | Bailey   | Reached skill level 6 in Invocations
  8030 | Bailey   | Reached skill level 5 in Fighting
  8032 | Bailey   | Reached ***** piety under Lugonu
  8061 | Bailey   | Reached skill level 4 in Air Magic
  8242 | Bailey   | Reached skill level 7 in Dodging
  8243 | Bailey   | Identified the +0 chain mail of the Nice Slorg {rElec Int+3
                  | Dex+2 Stlth+}
  8300 | Bailey   | Reached skill level 4 in Slings
  8357 | Bailey   | Identified a +0 crystal plate armour
  8441 | Bailey   | Could not pick up a +0 crystal plate armour {rare} here;
                  | ([A]lways) ignore it?
  8441 | Bailey   | Could not pick up a +0 crystal plate armour {rare} here;
                  | ([A]lways) ignore it?
  8441 | Bailey   | Could not pick up a +0 crystal plate armour {rare} here;
                  | ([A]lways) ignore it?
  8476 | Bailey   | Reached skill level 5 in Air Magic
  8688 | D:7      | Noticed Pikel
  8707 | D:7      | Killed Pikel
  8708 | D:7      | Reached skill level 7 in Invocations
  8852 | D:7      | You pick up a book of Changes and begin reading...
  8852 | D:7      | You add the spells Beastly Appendage, Wereblood and Spider
                  | Form to your library.
  8923 | D:7      | Found a snail-covered altar of Cheibriados.
  8988 | D:7      | Noticed Menkaure
  8993 | D:7      | Killed Menkaure
  8994 | D:7      | Reached skill level 6 in Spellcasting
  8994 | D:7      | Reached XP level 10. HP: 32/60 MP: 19/21
  9648 | D:8      | Reached skill level 8 in Dodging
  9905 | D:4      | Bought a scroll of fear for 38 gold pieces
  9905 | D:4      | Bought a scroll of identify for 22 gold pieces
  9905 | D:4      | Bought a scroll of identify for 22 gold pieces
  9905 | D:4      | Bought a scroll of amnesia for 38 gold pieces
  9905 | D:4      | Bought a scroll of torment for 82 gold pieces
  9954 | D:1      | Bought a potion of ambrosia for 80 gold pieces
  9954 | D:1      | Bought a potion of mutation for 80 gold pieces
  9954 | D:1      | Bought 2 potions of curing for 60 gold pieces
 10114 | D:8      | Identified the +7 short sword of Wrongful Imprisonment
                  | {vorpal, Str+4}
 10128 | D:8      | Reached skill level 6 in Fighting
 10186 | D:8      | Reached skill level 5 in Slings
 10503 | D:8      | Found a staircase to the Lair.
 10510 | D:8      | Reached skill level 7 in Spellcasting
 10550 | D:8      | You are cast into the Abyss!
 10550 | D:8      | Cast into level 1 of the Abyss (gnoll)
 10617 | D:8      | You pass through the gate.
 10617 | D:8      | Escaped the Abyss
 10673 | D:8      | You fall into a shaft and drop 1 floor!
 10712 | D:9      | Noticed Harold
 10726 | D:9      | Killed Harold
 10727 | D:9      | Reached skill level 8 in Invocations
 10742 | D:9      | Noticed Joseph
 10987 | D:8      | Noticed a sixfirhy
 10990 | D:8      | Reached skill level 9 in Dodging
 11120 | D:9      | Noticed a smoke demon
 11431 | D:9      | Noticed an obsidian statue
 11457 | D:9      | Identified the ring of Beont {Wiz rPois Slay+5}
 11791 | D:9      | Banished Joseph
 11792 | D:9      | Reached skill level 8 in Spellcasting
 11792 | D:9      | Reached XP level 11. HP: 33/66 MP: 19/25
 11956 | D:9      | You add the spells Malign Gateway and Summon Horrible
                  | Things to your library.
 12057 | D:9      | Noticed a two-headed ogre
 12727 | D:9      | Killed a two-headed ogre
 12728 | D:9      | Reached skill level 6 in Slings
 12885 | D:10     | Entered Level 10 of the Dungeon
 13018 | D:10     | HP: 7/66 [acid dragon/splash of acid (21)]
 13027 | D:10     | Noticed a two-headed ogre
 13048 | D:10     | Reached skill level 7 in Fighting
 13052 | D:10     | Banished a two-headed ogre
 13053 | D:10     | Reached skill level 6 in Air Magic
 13053 | D:10     | Reached skill level 9 in Invocations
 13283 | D:10     | Noticed an ogre mage
 13288 | D:10     | Killed an ogre mage
 13302 | D:10     | Found a sparkling altar of Nemelex Xobeh.
 13306 | D:10     | Noticed a five-headed hydra
 13316 | D:10     | Killed a five-headed hydra
 13317 | D:10     | Reached skill level 10 in Dodging
 13347 | D:10     | Noticed Snorg
 13367 | D:10     | Killed Snorg
 14133 | Lair:1   | Entered Level 1 of the Lair of Beasts
 14215 | D:8      | Reached skill level 7 in Air Magic
 14302 | D:8      | Reached skill level 7 in Slings
 14359 | Lair:1   | Found a hide-covered altar of Uskayaw.
 14359 | Lair:1   | Noticed a boulder beetle
 14362 | Lair:1   | Banished a boulder beetle
 14363 | Lair:1   | Reached XP level 12. HP: 73/73 MP: 21/26
 14387 | Lair:1   | Found an ornate altar of the Wu Jian Council.
 14456 | Lair:1   | Reached skill level 11 in Dodging
 14558 | Lair:1   | Noticed Grum
 14581 | Lair:1   | Reached skill level 8 in Fighting
 14593 | Lair:1   | Killed Grum
 14994 | Lair:1   | You pick up a book of Changes and begin reading...
 15003 | Lair:1   | Reached skill level 8 in Air Magic
 15328 | Lair:2   | Noticed a death yak
 15330 | Lair:2   | Noticed a death yak
 15330 | Lair:2   | Noticed a death yak
 15330 | Lair:2   | Noticed a death yak
 15446 | Lair:2   | Found a frozen archway.
 15452 | IceCv    | Entered an ice cave
 15535 | IceCv    | HP: 5/75 [death yak simulacrum (36)]
 15537 | IceCv    | Reached ****** piety under Lugonu
 15538 | IceCv    | Reached skill level 8 in Slings
 15671 | IceCv    | Reached skill level 12 in Dodging
 15677 | IceCv    | HP: 15/75 [ice beast[an ice statue] (6)]
 16201 | IceCv    | Reached skill level 9 in Fighting
 16221 | IceCv    | Reached skill level 9 in Air Magic
 16382 | IceCv    | Noticed a reaper
 16413 | IceCv    | Mangled by a reaper

Vanquished Creatures
  Snorg (D:10)
  An ogre mage (D:10)
  Harold (D:9)
  A hydra (D:10)
  A two-headed ogre (D:9)
  Pikel (D:7)
  2 ice statues (IceCv)
  3 black mambas
  Maggie (D:7)
  A cane toad (Lair:1)
  3 kobold demonologists (D:8)
  7 ice devils (IceCv)
  A komodo dragon (Lair:1)
  An entropy weaver simulacrum (IceCv)
  An anaconda simulacrum (IceCv)
  3 trolls
  A polar bear (Lair:1)
  A hornet (D:10)
  3 blink frogs (Lair:1)
  A shadow (D:10)
  25 yaks
  Grum (Lair:1)
  A wyvern (D:8)
  4 basilisks
  2 steam dragons
  A death yak simulacrum (IceCv)
  Menkaure (D:7)
  4 acid dragons
  2 harpy simulacra (IceCv)
  7 water moccasins
  A sky beast (D:4)
  4 black bears
  2 orc warriors (D:10)
  An ice beast (D:7)
  2 ogres (D:4)
  22 wolves
  3 centaurs
  A lemure (D:7)
  A phantom (D:4)
  4 kobold brigands
  4 bullfrogs
  9 gnoll sergeants
  A scorpion (D:5)
  4 necrophages
  2 two-headed ogre simulacra (IceCv)
  2 cane toad simulacra (IceCv)
  6 wights (D:8)
  3 killer bees (D:9)
  2 elephant simulacra (IceCv)
  5 howler monkeys
  6 jellies
  4 hounds
  2 orc priests
  7 gnoll shamans
  3 iguanas
  4 orc wizards
  A spriggan simulacrum (IceCv)
  4 troll simulacra (IceCv)
  23 gnolls
  2 naga simulacra (IceCv)
  4 adders
  2 shadow imps
  2 white imps
  3 ufetubi
  3 worms
  4 dart slugs
  24 orcs
  5 ball pythons
  9 endoplasms
  6 giant cockroaches
  13 goblins
  4 hobgoblins
  12 jackals
  3 bats
  7 frilled lizards
  24 kobolds
  7 rats
350 creatures vanquished.

Vanquished Creatures (others)
  A kobold brigand (D:10)
  4 fungi
  25 plants
30 creatures vanquished.

Grand Total: 380 creatures vanquished

Table legend:
 A = Non-vault XP
 B = Vault XP
 C = Vault XP percentage of total XP
 D = Non-vault monster count
 E = Vault monster count
 F = Vault count percentage of total count
                 A         B        C        D         E       F
            +---------+---------+-------+---------+---------+-------
      Total |   18629 |   17575 |  48.5 |     240 |     115 |  32.4
            +---------+---------+-------+---------+---------+-------
        D:1 |      40 |       3 |   7.0 |      24 |       2 |   7.7
        D:2 |     105 |      10 |   8.7 |      20 |       5 |  20.0
        D:3 |      51 |       0 |   0.0 |      25 |       0 |   0.0
        D:4 |     629 |       0 |   0.0 |      22 |       0 |   0.0
        D:5 |     506 |       0 |   0.0 |      11 |       0 |   0.0
        D:6 |     361 |       0 |   0.0 |      13 |       0 |   0.0
        D:7 |    1032 |    1657 |  61.6 |      22 |      12 |  35.3
        D:8 |    3444 |    1632 |  32.2 |      32 |      15 |  31.9
        D:9 |    2151 |    1335 |  38.3 |      15 |       2 |  11.8
       D:10 |    2270 |    3869 |  63.0 |      16 |       9 |  36.0
     Lair:1 |    6028 |    1509 |  20.0 |      30 |       6 |  16.7
     Lair:2 |    2012 |     603 |  23.1 |      10 |       2 |  16.7
     Bailey |       0 |    1637 | 100.0 |       0 |      31 | 100.0
      IceCv |       0 |    5320 | 100.0 |       0 |      31 | 100.0
            +---------+---------+-------+---------+---------+-------

Illustrated notes

Table legend:
 A = Kills in this place as a percentage of kills in entire the game.
 B = Kills by you in this place as a percentage of kills by you in the entire game.
 C = Kills by friends in this place as a percentage of kills by friends in the entire game.
 D = Other kills in this place as a percentage of other kills in the entire game.
 E = Experience gained in this place as a percentage of experience gained in the entire game.
 F = Experience gained in this place divided by the number of levels of this place that you have seen.
                   A       B       C       D       E      F
               +-------+-------+-------+-------+-------+----------------------
         Total | 100.0 | 100.0 |   N/A | 100.0 | 100.0 | 2262.8
       Dungeon |  69.0 |  69.1 |   N/A |  66.7 |  52.7 | 1909.5
          Lair |  13.5 |  13.5 |   N/A |  16.7 |  28.0 | 5076.0
        Bailey |   8.7 |   8.9 |   N/A |   0.0 |   4.5 | 1637.0
      Ice Cave |   8.7 |   8.6 |   N/A |  16.7 |  14.7 | 5320.0
               +-------+-------+-------+-------+-------+----------------------

Table legend: (Time is in decaauts)
 A = Elapsed time spent in this place.
 B = Non-inter-level travel time spent in this place.
 C = Inter-level travel time spent in this place.
 D = Time resting spent in this place.
 E = Time spent auto-exploring this place.
 F = Levels seen in this place.
 G = Mean time per level.
                   A        B        C        D        E       F      G
               +--------+--------+--------+--------+--------+-----+--------+
         Total |  16827 |  16135 |    692 |   2669 |   9676 |  16 | 1051.7 |
       Dungeon |  13439 |  12780 |    659 |   2016 |   8443 |  10 | 1343.9 |
          Lair |   1196 |   1164 |     32 |     26 |    557 |   2 |  598.0 |
         Abyss |    148 |    148 |      0 |      0 |     21 |   2 |   74.0 |
        Bailey |   1052 |   1052 |      0 |    147 |    504 |   1 | 1052.0 |
      Ice Cave |    991 |    991 |      0 |    480 |    150 |   1 |  991.0 |
               +--------+--------+--------+--------+--------+-----+--------+

Top non-repeatable levels by time:
     D:4: 1896 daAuts
     D:8: 1891 daAuts
     D:2: 1537 daAuts
     D:1: 1481 daAuts
     D:7: 1310 daAuts
     D:9: 1271 daAuts
    D:10: 1254 daAuts
     D:3: 1153 daAuts
  Bailey: 1052 daAuts
   IceCv: 991 daAuts
  Lair:1: 912 daAuts
     D:5: 896 daAuts
     D:6: 744 daAuts
  Lair:2: 283 daAuts
 Abyss:1: 148 daAuts
